[Event "Titled Tuesday Blitz March 14 Early 2023"]
[White "Manon-og, Ramon Jr."]
[Black "Fabris, Alberto"]
[WhiteFideId "5200776"]
[BlackFideId "801348"]
[WhiteElo "2343"]
[BlackElo "2195"]
[Result "1/2-1/2"]
[Round "08"]
[TimeControl "180+2"]
[Date "2023.03.14"]
[WhiteClock "0:01:05"]
[BlackClock "0:00:35"]

1. e4 c5 2. Nf3 d6 3. Bb5+ Nd7 4. a4 g6 5. Nc3 Bg7 6. O-O a6 7. Bc4 Ngf6 8. a5 O-O 9. d3 b5 10. axb6 Nxb6 11. Bb3 Bb7 12. Bg5 Qc7 13. Qd2 c4 14. Ba2 Rac8 15. Bh6 d5 16. Bxg7 Kxg7 17. exd5 Nfxd5 18. Nxd5 Bxd5 19. Ng5 cxd3 20. Bxd5 Nxd5 21. Qxd3 Qc4 22. Rxa6 Qxd3 23. cxd3 Nb4 24. Ra7 h6 25. Nf3 Nxd3 26. Rxe7 Nxb2 27. h4 Rfe8 28. Rb7 Rb8 29. Rc7 Rbc8 30. Rfc1 Rxc7 31. Rxc7 Re2 32. Nd4 Rd2 33. Ne6+ Kf6 34. Nc5 Rd1+ 35. Kh2 Nd3 36. Rd7 Nxf2 37. Ra7 Ng4+ 38. Kg3 h5 39. Ne4+ Kg7 40. Ng5 Rf1 41. Ne6+ Kf6 42. Ng5 Ne5 43. Ra6+ Kg7 44. Ra7 Rb1 45. Ne6+ Kf6 46. Ng5 Rb3+ 47. Kf2 Kg7 48. Ne6+ Kf6 49. Nd4 Rb2+ 50. Kg3 Rb1 51. Ra6+ Kg7 52. Ra5 Ng4 53. Nf3 Rb3 54. Ra7 Ne5 55. Re7 Nxf3 56. gxf3 Kf6 57. Ra7 Kf5 58. Ra5+ Kf6 59. Ra7 Kg7 60. Rc7 Rb4 61. Ra7 Rd4 62. Rb7 Kf6 63. Rb6+ Kf5 64. Rb5+ Ke6 65. Rb7 f6 66. Rb6+ Ke5 67. Rb8 g5 68. Rb5+ Ke6 69. hxg5 fxg5 70. Rxg5 h4+ 71. Kh3 Kf6 72. Rg4 Rd3 73. Rf4+ Kg5 74. Rf8 Kh5 75. Rf5+ Kg6 76. Rf4 Kg5 77. Rg4+ Kf5 78. Kxh4 Rxf3 79. Rg5+ 1/2-1/2


[Site "https://www.chess.com"]

[Event "Titled Tuesday Blitz March 14 Early 2023"]
[White "Lorenzo De La Riva, Lazaro"]
[Black "Liu, Casper"]
[WhiteFideId "2268809"]
[BlackFideId "1454153"]
[WhiteElo "2294"]
[BlackElo "2221"]
[Result "0-1"]
[Round "08"]
[TimeControl "180+2"]
[Date "2023.03.14"]
[WhiteClock "0:00:05"]
[BlackClock "0:01:00"]

1. e4 c5 2. b3 a5 3. Nc3 g6 4. Bc4 Bg7 5. Qf3 e6 6. Bb2 Nc6 7. O-O-O a4 8. Nb5 Bxb2+ 9. Kxb2 axb3 10. axb3 Qa5 11. Ne2 Qa2+ 12. Kc3 Nb4 13. Rc1 d5 14. exd5 exd5 15. Nc7+ Kd8 16. Nxa8 dxc4 17. Nb6 Ne7 18. Nf4 cxb3 19. cxb3 Bf5 20. Nc4 g5 21. Qc6 bxc6 0-1


[Site "https://www.chess.com"]

[Event "Titled Tuesday Blitz March 14 Early 2023"]
[White "Baruch, Liam"]
[Black "Rostomyan, Mikayel"]
[WhiteFideId "14322064"]
[BlackFideId "13313754"]
[WhiteElo "2141"]
[BlackElo "2009"]
[Result "1-0"]
[Round "08"]
[TimeControl "180+2"]
[Date "2023.03.14"]
[WhiteClock "0:00:07"]
[BlackClock "0:00:05"]

1. e4 c5 2. Nf3 d6 3. d4 cxd4 4. Nxd4 Nf6 5. Nc3 a6 6. Be2 e5 7. Nb3 Be7 8. O-O Be6 9. Re1 O-O 10. Bf1 Nbd7 11. Nd5 Nxd5 12. exd5 Bf5 13. c3 Bg6 14. a4 f5 15. f4 Bf6 16. a5 b5 17. axb6 Qxb6+ 18. Be3 Qc7 19. Rxa6 Rxa6 20. Bxa6 exf4 21. Bd4 Ne5 22. Be2 Rb8 23. Qc2 f3 24. Bxf3 Nxf3+ 25. gxf3 Qc4 26. Bxf6 Qxb3 27. Qxb3 Rxb3 28. Be7 Rxb2 29. Bxd6 Bf7 30. Rd1 g5 31. Be5 Rb5 32. d6 Be6 33. Bf6 Kf7 34. Bxg5 Ke8 35. Be7 Kd7 36. Kf2 f4 37. Rd2 Rc5 38. Rc2 Bf5 39. Ra2 Rxc3 40. Ra7+ Ke6 41. Ra2 h5 42. Re2+ Kd7 43. Bf8 Be6 44. h4 Bd5 45. Re7+ Kd8 46. Bg7 Rxf3+ 47. Ke2 Ra3 48. Bf6 Ra2+ 49. Ke1 1-0


[Site "https://www.chess.com"]

[Event "Titled Tuesday Blitz March 14 Early 2023"]
[White "Sovetbekova, Nurai"]
[Black "Necula, Iulian"]
[WhiteFideId "13801910"]
[BlackFideId "1232380"]
[WhiteElo "1857"]
[BlackElo "1790"]
[Result "1-0"]
[Round "08"]
[TimeControl "180+2"]
[Date "2023.03.14"]
[WhiteClock "0:00:15"]
[BlackClock "0:00:25"]

1. d4 d6 2. e4 Nf6 3. Nc3 e5 4. dxe5 dxe5 5. Qxd8+ Kxd8 6. Bg5 Nd7 7. Nf3 Bd6 8. Bc4 Rf8 9. O-O-O h6 10. Bxf6+ gxf6 11. Nd5 Rg8 12. g3 Rg4 13. Rhe1 Ke8 14. Nh4 Kf8 15. Nf5 h5 16. Nxd6 cxd6 17. Nc7 Rb8 18. Rxd6 Nc5 19. f3 Rg6 20. Red1 Bd7 21. b4 b5 22. bxc5 bxc4 23. Rxd7 c3 24. Rd8+ Rxd8 25. Rxd8+ Ke7 26. Rd3 h4 27. g4 f5 28. exf5 Rc6 29. Nd5+ Kf8 30. Rxc3 h3 31. Nb4 Rc7 32. c6 f6 33. Nd5 Rc8 34. Nxf6 Ke7 35. Nd7 Kd6 36. f6 Ke6 37. g5 Rg8 38. c7 Kxd7 39. c8=Q+ Rxc8 40. Rxc8 Kxc8 41. f7 1-0


[Site "https://www.chess.com"]

[Event "Titled Tuesday Blitz March 14 Early 2023"]
[White "Zhurova, Anna"]
[Black "Levitan, Caleb Levi"]
[WhiteFideId "54113075"]
[BlackFideId "14332620"]
[WhiteElo "2031"]
[BlackElo "1963"]
[Result "1-0"]
[Round "08"]
[TimeControl "180+2"]
[Date "2023.03.14"]
[WhiteClock "0:00:16"]
[BlackClock "0:00:01"]

1. e4 e5 2. Nf3 Nc6 3. Bb5 a6 4. Ba4 Nf6 5. d3 b5 6. Bb3 Bc5 7. c3 d6 8. h3 Bb6 9. O-O O-O 10. Bg5 h6 11. Be3 Bb7 12. Re1 Qe7 13. Nh4 Bc8 14. a4 Bxe3 15. Rxe3 Be6 16. Bxe6 Qxe6 17. Nf5 Ne7 18. Ng3 Ng6 19. d4 Nf4 20. d5 Qd7 21. Nd2 g6 22. Ne2 N6h5 23. Ng3 Nxg3 24. fxg3 Nh5 25. Qe2 f5 26. exf5 Rxf5 27. axb5 Raf8 28. bxa6 Rf2 29. Qxf2 Rxf2 30. Kxf2 Qf7+ 31. Kg1 Qxd5 32. a7 Qa8 33. Ne4 Ng7 34. g4 Ne6 35. Rf3 Nd8 36. b4 Nc6 37. Nf6+ Kg7 38. Nd5 Nxa7 39. Nxc7 Qb7 40. Ne6+ Kg8 41. Rf8+ Kh7 42. Nd8 Qb6+ 43. Kh2 Nc6 44. Nxc6 Qxc6 45. Ra7+ Qc7 46. Rxc7# 1-0


[Site "https://www.chess.com"]

[Event "Titled Tuesday Blitz March 14 Early 2023"]
[White "Kornyukov, Alexey"]
[Black "Samaganova, Aleksandra"]
[WhiteFideId "4150457"]
[BlackFideId "13800221"]
[WhiteElo "2352"]
[BlackElo "1858"]
[Result "0-1"]
[Round "08"]
[TimeControl "180+2"]
[Date "2023.03.14"]
[WhiteClock "0:00:02"]
[BlackClock "0:00:07"]

1. e4 c5 2. Nf3 e6 3. c3 a6 4. d4 cxd4 5. cxd4 d5 6. exd5 exd5 7. Nc3 Nf6 8. Bd3 Nc6 9. O-O Be7 10. Bg5 O-O 11. Re1 h6 12. Bh4 Bg4 13. Bc2 Bxf3 14. Qxf3 Nxd4 15. Qd3 Nxc2 16. Qxc2 d4 17. Rad1 Rc8 18. Qb3 b5 19. Bxf6 Bxf6 20. Ne4 Re8 21. h3 Be5 22. Qf3 Bb8 23. Ng3 Qd6 24. Rxe8+ Rxe8 25. Qd3 Rd8 26. Kf1 Qb4 27. Nf5 Qxb2 28. Ne7+ Kf8 29. Nc6 Rc8 30. Nxb8 Rxb8 31. Qg3 Re8 32. Qd6+ Kg8 33. Qxd4 Qxa2 34. Kg1 Qb3 35. Qd7 Qe6 36. Qa7 Rc8 37. Ra1 Rc6 38. Qa8+ Kh7 39. Qa7 Qf6 40. Kh1 Qxa1+ 41. Kh2 Qe5+ 42. g3 Qf6 43. Kg2 Re6 44. Qd7 b4 45. Qd3+ Qg6 46. Qb3 Qe4+ 47. Kh2 a5 48. Qa4 Qe5 49. Qc2+ g6 50. Qc8 Qf5 51. f3 Re2+ 52. Kh1 Qb1+ 0-1


[Site "https://www.chess.com"]

[Event "Titled Tuesday Blitz March 14 Early 2023"]
[White "Comas Fabrego, Lluis"]
[Black "Sadubayev, Airat"]
[WhiteFideId "2200325"]
[BlackFideId "13713264"]
[WhiteElo "2523"]
[BlackElo "2129"]
[Result "0-1"]
[Round "08"]
[TimeControl "180+2"]
[Date "2023.03.14"]
[WhiteClock "0:00:06"]
[BlackClock "0:00:06"]

1. Nf3 d5 2. d4 Nf6 3. c4 c6 4. cxd5 cxd5 5. Nc3 Nc6 6. Bf4 Bf5 7. e3 e6 8. Bd3 Bg6 9. O-O Be7 10. Ne5 O-O 11. Nxc6 bxc6 12. Bxg6 hxg6 13. Bg5 Rb8 14. Bxf6 Bxf6 15. Na4 Be7 16. Rc1 Qd6 17. b3 Rfc8 18. Nc5 Rb5 19. Rc2 e5 20. Qd3 e4 21. Qe2 Rb6 22. Rfc1 Qc7 23. Na4 Rb7 24. Qa6 c5 25. Nxc5 Rb6 26. Qe2 Rc6 27. b4 Qb6 28. a3 R6c7 29. Nb3 Rc6 30. Qd2 Kh7 31. Rxc6 Rxc6 32. Rxc6 Qxc6 33. Qc1 Qa4 34. Qb2 Qb5 35. Nc5 Qc4 36. h3 Kg8 37. g3 Bd6 38. Kg2 Qb5 39. Qc2 Qc6 40. Qc3 Qc7 41. Na4 Qd7 42. Qb3 Qb5 43. Nc3 Qa6 44. Qxd5 Qxa3 45. Nxe4 Bf8 46. Ng5 Qxb4 47. Qxf7+ Kh8 48. Qxf8+ Qxf8 49. Ne6 Qa8+ 50. Kh2 Kg8 51. h4 a5 52. h5 a4 53. h6 gxh6 54. g4 a3 55. g5 a2 56. f3 Kh7 57. f4 hxg5 58. Nf8+ Qxf8 0-1


[Site "https://www.chess.com"]

[Event "Titled Tuesday Blitz March 14 Early 2023"]
[White "Wilson, Elvin"]
[Black "Alahakoon, Isuru"]
[WhiteFideId "2014874"]
[BlackFideId "9900993"]
[WhiteElo "2262"]
[BlackElo "1995"]
[Result "1-0"]
[Round "08"]
[TimeControl "180+2"]
[Date "2023.03.14"]
[WhiteClock "0:00:23"]
[BlackClock "0:00:16"]

1. c4 e5 2. Nc3 Nc6 3. g3 Bc5 4. Bg2 d6 5. e3 a6 6. Nge2 Ba7 7. d4 Nge7 8. h3 Bf5 9. O-O Qd7 10. Kh2 h5 11. d5 Nd8 12. e4 Bg6 13. f4 h4 14. f5 hxg3+ 15. Nxg3 Bh7 16. Qe2 f6 17. Be3 Bxe3 18. Qxe3 Nf7 19. c5 dxc5 20. Qxc5 Nd6 21. Rac1 Rc8 22. Bf3 O-O 23. Rg1 Kh8 24. Rg2 g6 25. fxg6 Nxg6 26. Bg4 Qe7 27. Bxc8 Rxc8 28. Nce2 Nh4 29. Rf2 Qg7 30. Rg1 Qh6 31. Qc1 Qf8 32. Qf1 Ne8 33. Nh5 Bxe4 34. Nc3 Bg6 35. Nxf6 Qd6 36. Nxe8 Rxe8 37. Rf6 Qc5 38. Rfxg6 Nxg6 39. Rxg6 Rf8 40. Rf6 Rg8 41. Rh6+ Kg7 42. Qf6# 1-0


[Site "https://www.chess.com"]

[Event "Titled Tuesday Blitz March 14 Early 2023"]
[White "Zaichenko, Daria"]
[Black "Barria Santos, Jose Guilherme"]
[WhiteFideId "4197453"]
[BlackFideId "1939300"]
[WhiteElo "2039"]
[BlackElo "2301"]
[Result "1-0"]
[Round "08"]
[TimeControl "180+2"]
[Date "2023.03.14"]
[WhiteClock "0:00:12"]
[BlackClock "0:00:07"]

1. e4 c5 2. Nf3 d6 3. d4 cxd4 4. Nxd4 Nf6 5. Nc3 a6 6. Bd3 e5 7. Nb3 Be7 8. h3 Be6 9. Be3 h5 10. a4 Nbd7 11. a5 Rc8 12. O-O Nc5 13. Na4 Nfxe4 14. Bxe4 Nxe4 15. Nb6 Rc6 16. Nd2 Nxd2 17. Qxd2 O-O 18. f4 e4 19. f5 Bc4 20. Rf4 d5 21. b3 Bb5 22. Nxd5 Bg5 23. c4 Bxc4 24. bxc4 Bxf4 25. Bxf4 Rxc4 26. f6 gxf6 27. Bh6 Re8 28. Qf4 Kh8 29. Nxf6 Re6 30. Rf1 Qd4+ 31. Kh1 Rcc6 32. Qg5 Qxf6 33. Rxf6 Rc1+ 34. Kh2 Rh1+ 35. Kxh1 Rxf6 36. Qg7# 1-0


[Site "https://www.chess.com"]

[Event "Titled Tuesday Blitz March 14 Early 2023"]
[White "Jimenez, Joaquin"]
[Black "Clawitter, Craig"]
[WhiteFideId "109860"]
[BlackFideId "2023105"]
[WhiteElo "2163"]
[BlackElo "2236"]
[Result "0-1"]
[Round "08"]
[TimeControl "180+2"]
[Date "2023.03.14"]
[WhiteClock "0:01:41"]
[BlackClock "0:00:04"]

1. e4 e6 2. d4 d5 3. Nd2 Be7 4. Ngf3 Nf6 5. Bd3 c5 6. exd5 Qxd5 7. O-O cxd4 8. Nb3 Nc6 9. Nbxd4 Nxd4 10. Nxd4 Bd7 11. c3 O-O 12. Qe2 Rac8 13. Be3 e5 14. Nf5 Bc5 15. Rad1 e4 16. Bxc5 Qxc5 17. Bxe4 Bxf5 18. Bxb7 Rcd8 19. Bf3 Rfe8 20. Qa6 Qb6 21. Qa4 Bd3 22. Rfe1 Rxe1+ 23. Rxe1 Qxb2 24. Qxa7 Qxc3 25. Rd1 h6 26. Qe7 Re8 27. Qxe8+ Nxe8 28. h4 Nf6 29. g3 Qc2 30. Re1 Kh7 31. Kg2 Qxa2 32. Re3 Qc2 33. Re7 Be4 34. Rxf7 Bxf3+ 35. Kxf3 Qe4# 0-1


[Site "https://www.chess.com"]

[Event "Titled Tuesday Blitz March 14 Early 2023"]
[White "MunichMouse"]
[Black "Allam, Yara"]
[BlackFideId "10615709"]
[WhiteElo "2288"]
[BlackElo "1758"]
[Result "1-0"]
[Round "08"]
[TimeControl "180+2"]
[Date "2023.03.14"]
[WhiteClock "0:01:24"]
[BlackClock "0:00:42"]

1. d4 d5 2. c4 c6 3. Nf3 Nf6 4. e3 g6 5. Nc3 Bg7 6. b3 O-O 7. Bd3 Bg4 8. h3 Bxf3 9. Qxf3 e6 10. O-O Nbd7 11. Bb2 Re8 12. e4 e5 13. exd5 exd4 14. Ne2 cxd5 15. Nxd4 Ne5 16. Qd1 dxc4 17. Bxc4 Nxc4 18. bxc4 Qc7 19. Rc1 Qb6 20. Qb3 Qxb3 21. axb3 Ne4 22. Rfd1 Rad8 23. Ba1 Nc5 24. b4 Bxd4 25. Bxd4 Nb3 26. Bf6 Nxc1 27. Rxd8 Rxd8 28. Bxd8 Nd3 29. b5 a6 30. Kf1 Kf8 31. Ke2 Ne5 32. bxa6 bxa6 33. c5 Ke8 34. Bf6 Nc6 35. Kd3 Kd7 36. Kc4 Ke6 37. Bc3 f5 38. f3 Nd8 39. Ba5 Nb7 40. Bb6 Kd7 41. Kd5 Ke7 42. c6 Nd8 43. Bc5+ Ke8 44. c7 1-0


[Site "https://www.chess.com"]

[Event "Titled Tuesday Blitz March 14 Early 2023"]
[White "Sanchez, Robert"]
[Black "Simonovic, Miroslav"]
[WhiteFideId "2034360"]
[BlackFideId "919152"]
[WhiteElo "2214"]
[BlackElo "2042"]
[Result "0-1"]
[Round "08"]
[TimeControl "180+2"]
[Date "2023.03.14"]
[WhiteClock "0:02:19"]
[BlackClock "0:02:05"]

1. e4 c5 2. Nf3 Nc6 3. d4 cxd4 4. Nxd4 g6 5. c4 Bg7 6. Nc2 h5 7. Nc3 h4 8. h3 d6 9. Be2 Bxc3+ 10. bxc3 Nf6 11. Bf3 Ne5 12. Nd4 Qa5 13. O-O Qxc3 14. Nb5 Qxc4 15. Nxd6+ exd6 16. Qxd6 Qe6 17. Qb4 Nxf3+ 18. gxf3 Qe7 19. Qb3 O-O 20. Ba3 Qd7 21. Bxf8 Kxf8 22. Qb4+ Kg8 23. Rfd1 Qxh3 24. Rd8+ Kh7 25. Qf8 0-1


[Site "https://www.chess.com"]

[Event "Titled Tuesday Blitz March 14 Early 2023"]
[White "Dubov, Daniil"]
[Black "Matlakov, Maxim"]
[WhiteFideId "24126055"]
[BlackFideId "4168003"]
[WhiteElo "2802"]
[BlackElo "2666"]
[Result "1-0"]
[Round "09"]
[TimeControl "180+2"]
[Date "2023.03.14"]
[WhiteClock "0:00:06"]
[BlackClock "0:00:05"]

1. d4 Nf6 2. c4 e6 3. Nc3 d5 4. cxd5 exd5 5. Bg5 c6 6. e3 h6 7. Bh4 Be7 8. Bd3 O-O 9. Nge2 Re8 10. O-O Nbd7 11. Qc2 Nh5 12. Bxe7 Qxe7 13. Rae1 Nf8 14. Nc1 Nf6 15. f3 Ne6 16. Qf2 a5 17. N1e2 c5 18. Nf4 cxd4 19. Ncxd5 Nxd5 20. Nxd5 Qd6 21. e4 Bd7 22. Qg3 Qxg3 23. hxg3 Nc5 24. Bb1 Rac8 25. Rd1 Bb5 26. Rf2 Ne6 27. Nf4 Red8 28. Rfd2 a4 29. Kf2 Bc4 30. Nxe6 Bxe6 31. Rxd4 Rxd4 32. Rxd4 Rc1 33. Bd3 a3 34. bxa3 Rc3 35. a4 Ra3 36. Bb5 Rxa2+ 37. Kg1 g5 38. f4 Bg4 39. e5 Kg7 40. Rb4 Ra1+ 41. Kf2 Ra2+ 42. Kg1 Ra1+ 43. Kh2 Ra2 44. Bc4 Rd2 45. Rxb7 Bf3 46. Rxf7+ Kh8 47. Rf8+ Kg7 48. Rf7+ Kh8 49. Bf1 Ra2 50. Rf6 Kg7 51. a5 Be4 52. a6 Ra1 53. Be2 Ra2 54. Bf1 Ra1 55. Bc4 Rc1 56. Rf7+ Kh8 57. Rc7 Rc2 58. a7 g4 59. a8=Q+ Bxa8 60. Rc8+ Kg7 61. Rxa8 Rxc4 62. Ra7+ Kg6 63. Ra6+ Kg7 64. Rd6 Rc1 65. f5 Re1 66. Rg6+ Kf7 67. e6+ Ke7 68. Rxg4 Re5 69. Rf4 h5 70. g4 Kf6 71. gxh5 1-0


[Site "https://www.chess.com"]

[Event "Titled Tuesday Blitz March 14 Early 2023"]
[White "Nakamura, Hikaru"]
[Black "Firouzja, Alireza"]
[WhiteFideId "2016192"]
[BlackFideId "12573981"]
[WhiteElo "2879"]
[BlackElo "2904"]
[Result "1-0"]
[Round "09"]
[TimeControl "180+2"]
[Date "2023.03.14"]
[WhiteClock "0:00:09"]
[BlackClock "0:00:04"]

1. e4 c5 2. d4 cxd4 3. c3 Nf6 4. e5 Nd5 5. Qxd4 e6 6. Nf3 Nc6 7. Qe4 f5 8. Qe2 Be7 9. g3 a5 10. Bg2 b5 11. O-O Qb6 12. Rd1 Bb7 13. Bg5 Bc5 14. Ne1 O-O 15. Nd3 Be7 16. Bxe7 Ncxe7 17. a4 bxa4 18. Nd2 Rac8 19. Rxa4 Rxc3 20. Nc4 Qb5 21. bxc3 Qxa4 22. Nc5 Qb5 23. Nxb7 Qxb7 24. Ne3 Nxc3 25. Bxb7 Nxe2+ 26. Kf1 Nc3 27. Rxd7 f4 28. gxf4 Ng6 29. f5 Nxe5 30. Re7 Rf7 31. Re8+ Rf8 32. Rxe6 Nd7 33. Re7 Nf6 34. Rc7 Nce4 35. Bxe4 Nxe4 36. Ra7 Nf6 37. Rxa5 Rd8 38. Ra4 h5 39. Ke2 Kh7 40. Kf3 Rd2 41. h3 Rb2 42. Ng2 Rb3+ 43. Ne3 Rc3 44. Ra5 Rb3 45. Ra7 Rd3 46. Ra1 Rb3 47. Rg1 Rb4 48. Rd1 Rh4 49. Kg3 Ra4 50. Kg2 Ra3 51. Rd4 Ra5 52. Kf3 Rb5 53. Ng2 Rb3+ 54. Ne3 Rb5 55. h4 Ra5 56. Kf4 Ra2 57. f3 Ra5 58. Nc4 Ra1 59. Ne5 Rh1 60. Ng6 Ra1 61. Rd8 Ra4+ 62. Kg5 Ng8 63. Kxh5 Nf6+ 64. Kg5 Ng8 65. Nf8+ Kh8 66. f4 Ra1 67. Kg4 Nf6+ 68. Kf3 Ra3+ 69. Ke2 Ng8 70. Kf2 Ra2+ 71. Kg3 Ra3+ 72. Kg2 Ra5 73. Kg3 Rxf5 74. Ne6 Kh7 75. Ng5+ Kh8 76. h5 Rf6 77. Kg4 Ra6 78. Rb8 Rc6 79. Kf5 Rf6+ 80. Ke5 Ra6 81. f5 Ra5+ 82. Ke6 Ra6+ 83. Kd5 Ra5+ 84. Ke4 Ra4+ 85. Kf3 Ra3+ 86. Ke2 Ra5 87. Rf8 Ra2+ 88. Kf3 Ra3+ 89. Kg2 Ra2+ 90. Kg1 Ra1+ 91. Kh2 Ra2+ 92. Kg3 Ra3+ 93. Kf4 Ra4+ 94. Ke5 Ra5+ 95. Ke6 Ra6+ 96. Kd7 Ra7+ 97. Kd6 Ra6+ 98. Ke5 Ra5+ 99. Kd4 Ra4+ 100. Kc5 Rh4 101. Kd6 Rxh5 102. Ne4 Kh7 103. Ke6 Rh6+ 104. Kf7 Rh5 105. Ng3 Rg5 106. Rxg8 Rxg3 107. f6 g5 108. Rg7+ Kh6 109. Kg8 Rf3 110. f7 Kh5 111. f8=Q Rxf8+ 112. Kxf8 g4 113. Kf7 Kh4 114. Kf6 g3 115. Kf5 Kh3 116. Kf4 g2 117. Rh7# 1-0


[Site "https://www.chess.com"]

[Event "Titled Tuesday Blitz March 14 Early 2023"]
[White "Yu, Yangyi"]
[Black "Le, Tuan Minh"]
[WhiteFideId "8603820"]
[BlackFideId "12401153"]
[WhiteElo "2783"]
[BlackElo "2558"]
[Result "0-1"]
[Round "09"]
[TimeControl "180+2"]
[Date "2023.03.14"]
[WhiteClock "0:00:01"]
[BlackClock "0:00:04"]

1. Nf3 d5 2. g3 g6 3. Bg2 Bg7 4. d4 Nf6 5. c4 c6 6. Qa4 O-O 7. O-O Nbd7 8. cxd5 Nb6 9. Qb3 cxd5 10. Bf4 Ne4 11. Rc1 Nc4 12. Nc3 Nxc3 13. Qxc3 Bg4 14. b3 Nd6 15. e3 Rc8 16. Qe1 Qb6 17. Ne5 Be6 18. Nd3 Ne4 19. h4 Bf5 20. Rxc8 Rxc8 21. Rc1 Bf8 22. g4 Be6 23. f3 Nf6 24. Nc5 Rc6 25. Nxe6 fxe6 26. g5 Nh5 27. Be5 Ng7 28. e4 dxe4 29. fxe4 Nh5 30. Rxc6 Qxc6 31. d5 Qc2 32. Bh3 Ng7 33. Qf2 Qb1+ 34. Qf1 Qxe4 35. Bxg7 Bxg7 36. Bxe6+ Kh8 37. Qf7 Bd4+ 38. Kf1 Qd3+ 39. Kg2 Qe2+ 40. Kh3 Qe3+ 41. Kg4 Qg1+ 42. Kh3 Qh1+ 43. Kg4 Qg2+ 44. Kf4 Qf2+ 0-1


[Site "https://www.chess.com"]

[Event "Titled Tuesday Blitz March 14 Early 2023"]
[White "Erigaisi Arjun"]
[Black "Lobanov, Sergei"]
[WhiteFideId "35009192"]
[BlackFideId "24183750"]
[WhiteElo "2737"]
[BlackElo "2489"]
[Result "0-1"]
[Round "09"]
[TimeControl "180+2"]
[Date "2023.03.14"]
[WhiteClock "0:00:08"]
[BlackClock "0:00:13"]

1. c4 e5 2. d3 Nf6 3. Nf3 Nc6 4. a3 d5 5. cxd5 Nxd5 6. e4 Nb6 7. Be3 Be7 8. Be2 Be6 9. O-O O-O 10. Nbd2 a5 11. Rc1 f6 12. Qc2 a4 13. Qc3 Qd7 14. d4 exd4 15. Nxd4 Nxd4 16. Bxd4 Bd6 17. f4 Rad8 18. Be3 Rfe8 19. Rfd1 Qf7 20. Bf3 Rd7 21. e5 fxe5 22. Ne4 Be7 23. Bxb6 Rxd1+ 24. Rxd1 cxb6 25. Qxe5 Bb3 26. Rd7 Bc5+ 27. Nxc5 Rxe5 28. Rxf7 Rxc5 29. Rxb7 Rc1+ 30. Kf2 Rc2+ 31. Ke3 Rxb2 32. Rxb6 Ra2 33. f5 Rxa3 34. Kf4 Ra1 35. Bh5 Kf8 36. Rb8+ Ke7 37. Rb7+ Kf6 38. Rb6+ Ke7 39. Kg5 h6+ 40. Kf4 a3 41. Rxb3 a2 42. Re3+ Kd6 43. Re6+ Kd7 44. Bf3 Rf1 45. Ra6 a1=Q 46. Rxa1 Rxa1 47. Kg4 Ke7 48. Kf4 Kf6 49. g4 Ra4+ 50. Kg3 Ke5 51. h3 Ra3 52. Kf2 Kf4 53. Be2 Rxh3 54. Bd1 Ra3 55. Be2 Ra2 56. Ke1 Rxe2+ 57. Kxe2 Kxg4 58. f6 gxf6 59. Kf2 f5 60. Kg2 h5 0-1


[Site "https://www.chess.com"]

[Event "Titled Tuesday Blitz March 14 Early 2023"]
[White "So, Wesley"]
[Black "Martinez Alcantara, Jose Eduardo"]
[WhiteFideId "5202213"]
[BlackFideId "3805662"]
[WhiteElo "2739"]
[BlackElo "2712"]
[Result "1-0"]
[Round "09"]
[TimeControl "180+2"]
[Date "2023.03.14"]
[WhiteClock "0:00:13"]
[BlackClock "0:00:02"]

1. Nf3 c5 2. e3 Nf6 3. b3 e6 4. Bb2 Be7 5. g4 O-O 6. g5 Ne8 7. h4 Nc6 8. Rg1 d5 9. Bb5 d4 10. Bxc6 bxc6 11. exd4 cxd4 12. Nxd4 Qd7 13. Qe2 a5 14. Nf3 a4 15. Ne5 Qc7 16. Ng4 axb3 17. axb3 Rxa1 18. Bxa1 Qa5 19. Qe5 Qa2 20. Qb2 Qa5 21. Qc3 Qa2 22. Ke2 Qa6+ 23. d3 c5 24. Nd2 Bb7 25. Nf6+ Bxf6 26. gxf6 g6 27. Qxc5 Nd6 28. Be5 Ne4 29. Nxe4 Bxe4 30. Qe3 Rc8 31. Qxe4 Rxc2+ 32. Kf3 Qa7 33. Qe3 Qb7+ 34. Kg3 Qd5 35. Rg2 h5 36. f3 Rc8 37. b4 Qb5 38. Rb2 Kh7 39. d4 Qf1 40. Qf2 Qc1 41. b5 Qa1 42. b6 Rc1 43. b7 Rg1+ 44. Kh2 Rh1+ 45. Kg2 Rxh4 46. Bh2 Qc1 47. b8=Q 1-0


[Site "https://www.chess.com"]

[Event "Titled Tuesday Blitz March 14 Early 2023"]
[White "Shimanov, Aleksandr"]
[Black "Caruana, Fabiano"]
[WhiteFideId "4198603"]
[BlackFideId "2020009"]
[WhiteElo "2631"]
[BlackElo "2818"]
[Result "1/2-1/2"]
[Round "09"]
[TimeControl "180+2"]
[Date "2023.03.14"]
[WhiteClock "0:00:03"]
[BlackClock "0:00:04"]

1. e4 c5 2. d4 cxd4 3. Qxd4 Nc6 4. Qd3 Nf6 5. Nc3 e6 6. Bf4 Bb4 7. Ne2 O-O 8. O-O-O d5 9. exd5 exd5 10. Nxd5 Nxd5 11. Qxd5 Qe7 12. Bd6 Bxd6 13. Qxd6 Qg5+ 14. Qf4 Qa5 15. Nc3 Be6 16. a3 Rac8 17. Bd3 Ne7 18. Qd2 h6 19. Rhe1 a6 20. Kb1 Qc7 21. g3 Rfd8 22. Qe3 b5 23. Qe4 Ng6 24. f4 Re8 25. Qb4 a5 26. Qxb5 Rb8 27. Qa4 Ne7 28. Nb5 Qc5 29. Re5 Qf2 30. Re2 Qc5 31. Rde1 Red8 32. Ka1 Rxd3 33. cxd3 Qxb5 34. Qxb5 Rxb5 35. Re5 Nd5 36. f5 Bd7 37. g4 f6 38. R5e4 Kf7 39. Rc1 h5 40. h3 h4 41. Rd4 Ke7 42. Ka2 Kd6 43. Re1 Rb6 44. b3 Rc6 45. Rc4 Rc7 46. Kb2 Rc8 47. Rec1 Re8 48. Re4 Rxe4 49. dxe4 Nf4 50. Rd1+ Ke7 51. Rh1 Bc6 52. Rf1 Nxh3 53. Rh1 Ng5 54. Rxh4 Bxe4 55. b4 axb4 56. axb4 Bf3 57. Kc3 Kd6 58. Kd4 Kc6 59. Ke3 Kb5 60. Kf4 Kxb4 61. Rh8 Bd5 62. Rd8 Kc5 63. Rd7 Kc6 64. Rxg7 Kd6 65. Ra7 Bc6 66. Ra6 Kd7 67. Ra7+ Kd6 68. Ra6 Kd7 69. Ra7+ Kd6 1/2-1/2


[Site "https://www.chess.com"]

[Event "Titled Tuesday Blitz March 14 Early 2023"]
[White "Daneshvar, Bardiya"]
[Black "Xiong, Jeffery"]
[WhiteFideId "12576468"]
[BlackFideId "2047640"]
[WhiteElo "2468"]
[BlackElo "2726"]
[Result "1-0"]
[Round "09"]
[TimeControl "180+2"]
[Date "2023.03.14"]
[WhiteClock "0:01:12"]
[BlackClock "0:02:11"]

1. d4 d5 2. c4 e6 3. Nc3 Nf6 4. Nf3 c5 5. cxd5 Nxd5 6. g3 Nxc3 7. bxc3 b6 8. Bg2 Bb7 9. O-O Be7 10. Re1 O-O 11. e4 cxd4 12. cxd4 Nd7 13. Bf4 Nf6 14. Ne5 Rc8 15. Qd2 h6 16. Rad1 Bd6 17. d5 exd5 18. exd5 Bxe5 19. Bxe5 Re8 20. d6 Bxg2 21. Bxf6 Qxf6 22. d7 Rxe1+ 23. Rxe1 Rd8 24. Re8+ Kh7 25. Rxd8 Qxd8 26. Qc2+ Be4 27. Qxe4+ 1-0


[Site "https://www.chess.com"]

[Event "Titled Tuesday Blitz March 14 Early 2023"]
[White "Lazavik, Denis"]
[Black "Bluebaum, Matthias"]
[WhiteFideId "13515110"]
[BlackFideId "24651516"]
[WhiteElo "2560"]
[BlackElo "2638"]
[Result "1-0"]
[Round "09"]
[TimeControl "180+2"]
[Date "2023.03.14"]
[WhiteClock "0:00:11"]
[BlackClock "0:00:08"]

1. d4 d5 2. c4 e6 3. Nf3 Nf6 4. g3 Nc6 5. Bg2 Bd6 6. O-O O-O 7. b3 dxc4 8. bxc4 e5 9. c5 Be7 10. dxe5 Qxd1 11. Rxd1 Ne4 12. Be3 Bxc5 13. Bxc5 Nxc5 14. Nc3 Be6 15. Rac1 Rad8 16. Ng5 Nxe5 17. Nd5 Bxd5 18. Bxd5 b6 19. f4 h6 20. Ne4 Ned7 21. Nc3 Nf6 22. Bc6 a6 23. e4 Rd6 24. Rxd6 cxd6 25. Rd1 Rd8 26. e5 Ne8 27. Nd5 Kf8 28. Nxb6 Rb8 29. Nc4 dxe5 30. Nxe5 Nf6 31. Rc1 Ne6 32. Ba4 Rb2 33. Rc2 Rxc2 34. Bxc2 Nc5 35. Kf2 Ke7 36. Ke3 Nfd7 37. Kd4 Ne6+ 38. Kd5 Nxe5 39. fxe5 Kd7 40. Ba4+ Kc7 41. Bb3 Kd7 42. Bc4 a5 43. a3 Kc7 44. Bd3 Nd8 45. Kc5 Nc6 46. Kd5 Ne7+ 47. Ke4 Kb6 48. Bc4 f6 49. exf6 gxf6 50. Kd4 Kc6 51. Bd3 Kd6 52. Kc4 Kc6 53. Be4+ Kb6 54. h3 f5 55. Bf3 Ng6 56. Kd4 f4 57. g4 Nh4 58. Be4 Kb5 59. Bc2 f3 60. Ke3 Kc4 61. Kf2 Kc3 62. Bd1 Kd2 63. Bxf3 Ng6 64. Kg3 Ke3 65. Bc6 Ne5 66. Bb5 Nf7 67. h4 Nd6 68. Bc6 Nc4 69. g5 hxg5 70. hxg5 Kd4 71. g6 Nd6 72. Kf4 Nc8 73. g7 Ne7 74. Ba4 Kc4 75. Kg5 Kc5 76. Bb3 Kd4 77. Kf6 Nc8 78. g8=Q Nd6 79. Qd5+ Kc3 80. Qxd6 Kb2 81. Qc5 a4 82. Bxa4 Ka2 83. Qb4 Ka1 84. Bd7 Ka2 85. a4 Ka1 86. a5 Ka2 87. a6 Ka1 88. a7 Ka2 89. a8=Q# 1-0


[Site "https://www.chess.com"]